 Dungeon Crawl Stone Soup version 0.30-a0-29-g142975f185 (webtiles) character file.

Game seed: 3884225239639800249

3067 scionoferis the Trooper (level 9, -2/74 HPs)
             Began as a Demigod Wanderer on Aug 26, 2022.
             Slain by a two-headed ogre
             ... wielding a +0 giant club
              (21 damage)
             ... on level 7 of the Dungeon.
             The game lasted 00:32:33 (9358 turns).

scionoferis the Trooper (Demigod Wanderer)          Turns: 9358, Time: 00:32:33

Health: -2/74      AC: 11    Str: 13    XL:     9   Next: 32%
Magic:  16/19      EV: 13    Int: 26    God:
Gold:   488        SH:  0    Dex: 15    Spells: 8/17 levels left

rFire   . . .      SeeInvis .    a - +1 dagger (elec)
rCold   + . .      Faith    .    (no shield)
rNeg    + . .      Spirit   .    t - +3 leather armour {rC+}
rPois   .          Reflect  .    (no helmet)
rElec   .          Harm     .    e - +0 cloak
rCorr   .          Rampage  .    (no gloves)
Will    .....      Clarity  +    B - +2 pair of boots
Stlth   +.........               (no amulet)
HPRegen 0.22/turn                y - ring of wizardry
MPRegen 0.16/turn                o - ring of positive energy

@: no status effects
A: high MP 1, forlorn, divine attributes, clarity, clever 1
a: no special abilities


You were on level 7 of the Dungeon.
You visited 1 branch of the dungeon, and saw 7 of its levels.

You collected 488 gold pieces.

Inventory:

Hand Weapons
 a - a +1 dagger of electrocution (weapon)
 d - a +0 sling
 p - a +0 scimitar
Missiles
 b - 10 boomerangs (quivered)
 f - 5 poisoned darts
Armour
 e - a +0 cloak (worn)
 k - an orb of energy
 l - a +0 ring mail
 t - a +3 leather armour of cold resistance (worn)
 w - a +0 buckler
 A - a +2 leather armour of willpower
 B - a +2 pair of boots (worn)
Jewellery
 o - a ring of positive energy (right hand)
 y - a ring of wizardry (left hand)
 C - a ring of ice
 J - a ring of resist corrosion
Wands
 s - a wand of roots (1)
 x - a wand of flame (21)
 D - a wand of charming (10)
 I - a wand of mindburst (31)
Scrolls
 h - a scroll of fog
 r - a scroll of poison
 v - a scroll of amnesia {unknown}
 z - 3 scrolls of teleportation {unknown}
 F - a scroll of magic mapping {unknown}
 G - a scroll of vulnerability {unknown}
Potions
 c - 2 potions of attraction
 g - a potion of mutation
 i - 3 potions of brilliance
 m - a potion of might
 n - 2 potions of lignification
 q - 6 potions of curing


   Skills:
 - Level 5.0 Fighting
 * Level 3.9 Long Blades
 - Level 1.7 Throwing
 + Level 4.7 Armour
 + Level 4.9 Dodging
 - Level 1.0 Stealth
 + Level 4.5 Spellcasting
 + Level 3.2 Conjurations
 - Level 4.5 Transmutations
 * Level 1.6 Ice Magic
 - Level 3.0 Air Magic
 - Level 2.0 Poison Magic


You had 8 spell levels left.
You knew the following spells:

 Your Spells              Type           Power      Damage    Failure   Level
a - Beastly Appendage     Tmut           58%        N/A       1%          1
b - Wereblood             Tmut           29%        N/A       1%          2
c - Mephitic Cloud        Conj/Pois/Air  20%        N/A       4%          3
d - Ozocubu's Armour      Ice            14%        N/A       6%          3

Your spell library contained the following spells:

 Spells                   Type           Power      Damage    Failure   Level
 Foxfire                  Conj/Fire      56%        2x1d6     1%          1
 Magic Dart               Conj           88%        1d7       1%          1
 Call Imp                 Summ           5%         N/A       6%          2
 Sublimation of Blood     Necr           5%         N/A       6%          2
 Conjure Flame            Conj/Fire      14%        6-21      6%          3
 Gell's Gravitas          Tloc           5%         N/A       12%         3
 Inner Flame              Hex/Fire       5%         N/A       12%         3
 Lesser Beckoning         Tloc           5%         N/A       12%         3
 Teleport Other           Tloc           5%         N/A       12%         3
 Petrify                  Tmut/Erth      17%        N/A       16%         4
 Flame Wave               Conj/Fire      14%        2d6       21%         4
 Anguish                  Hex/Necr       2%         N/A       36%         4
 Summon Mana Viper        Hex/Summ       5%         N/A       69%         5
 Ozocubu's Refrigeration  Ice            7%         4d9       100%        7
 Summon Hydra             Summ           2%         N/A       100%        7
 Necromutation            Tmut/Necr      8%         N/A       100%        8


Dungeon Overview and Level Annotations

Branches:
Dungeon (7/15)             Temple (0/1) D:6


Innate Abilities, Weirdness & Mutations

You have an increased reservoir of magic. (+10% MP)
You shall have no god before yourself.
Your divine heritage dramatically boosts your attributes as you level up.
You possess an exceptional clarity of mind.
Your mind is acute. (Int +4, Str/Dex -1)


Message History

The steam dragon is engulfed in noxious fumes.
The steam dragon appears confused.
You hit the steam dragon but do no damage.
The steam dragon is lightly wounded.
You hit the steam dragon.
The steam dragon is lightly wounded.
The steam dragon closely misses something.
The steam dragon claws something but does no damage.
You barely miss the steam dragon.
The steam dragon is lightly wounded.
Something hits you but does no damage.
Your sky beast hits the orc priest.
Your sky beast shocks the orc priest.
You hit the steam dragon but do no damage.
Lightning courses through the steam dragon!!
The steam dragon is severely wounded.
Something hits you.
The orc priest invokes the aid of Beogh against you.
Beogh smites you!
You hear some strange, mumbled words.
Something tries to affect you, but you resist.
The steam dragon closely misses you.
The steam dragon claws you but does no damage.
The steam dragon bites itself.
The steam dragon barely misses itself.
You hit the steam dragon.
The steam dragon is almost dead.
You hit the steam dragon but do no damage.
The steam dragon is almost dead.
The steam dragon bites itself!
The steam dragon is killed!
The orc priest mumbles some strange prayers to Beogh against you.
Beogh smites you!
* * * LOW HITPOINT WARNING * * *
Okay, then.
Unknown command.
Aiming: Charm
Press: ? - help, Shift-Dir - straight line, f - two-headed ogre
Aim: a two-headed ogre, wielding two +0 giant clubs (chance to affect: 31%)
The two-headed ogre easily resists.
The two-headed ogre hits you with a +0 giant club!!
You die...

.# #....# .# ##....###
.###...[...######
>##..#.....#....##
..##.#..<..#§§#..#
§####..).##[.##..##
##....)..))..Y....# ###
§........####.....###.##
.......D###...oO@##....#
....D...##.....).......#
......................##
D....#..[#...#...#....#
......#...#...#...#..##
.......#..(#..)#..)#.#
......#...#...#...#..#
..S..#...#...#...#....
.....o.................


You could see a two-headed ogre, an orc priest (ally target) and a friendly sky
beast (summoned).

Vanquished Creatures
  Sigmund (D:4)
  Eustachio (D:5)
  A steam dragon (D:7)
  Edmund (D:3)
  A water moccasin (D:6)
  Duvessa (D:5)
  2 orc warriors (D:7)
  A black bear (D:6)
  2 sky beasts (D:7)
  3 ogres
  A phantom (D:4)
  3 bullfrogs
  A necrophage (D:6)
  5 scorpions
  A gnoll sergeant (D:7)
  3 howler monkeys
  A jelly (D:6)
  An orc priest (D:4)
  7 hounds
  3 iguanas
  5 orc wizards
  2 adders
  2 shadow imps
  2 white imps
  3 ufetubi
  A worm (D:2)
  2 dart slugs
  27 orcs
  4 endoplasms
  2 giant cockroaches
  7 goblins
  5 hobgoblins
  4 jackals (D:2)
  9 kobolds
  A quokka (D:4)
  6 ball pythons
  7 bats
  6 frilled lizards
  5 rats
140 creatures vanquished.

Vanquished Creatures (others)
  A troll (D:7)
  An orc (D:7)
2 creatures vanquished.

Grand Total: 142 creatures vanquished

Notes
Turn   | Place    | Note
-------+----------+-------------------------------------------
     0 | D:1      | scionoferis the Demigod Wanderer began the quest for the
                  | Orb.
     0 | D:1      | scionoferis set off with the following items: a +0 dagger,
                  | 10 boomerangs, a potion of attraction, a potion of
                  | lignification, a +0 robe; and the following spell
                  | memorised: Beastly Appendage; and the following spells
                  | available to memorise: Wereblood, Petrify.
     0 | D:1      | Reached XP level 1. HP: 14/14 MP: 4/4
    70 | D:1      | HP: 1/22 [rat (3)]
    72 | D:1      | Reached skill level 1 in Fighting
   480 | D:1      | Reached XP level 2. HP: 21/23 MP: 5/5
   927 | D:1      | Learned a level 2 spell: Wereblood
  1146 | D:1      | Reached skill level 1 in Armour
  1534 | D:2      | Reached XP level 3. HP: 12/29 MP: 4/6
  1752 | D:2      | Reached skill level 2 in Fighting
  2659 | D:3      | Reached XP level 4. HP: 32/37 MP: 6/8
  3008 | D:3      | Got the Anthology of Fetching Misery
  3596 | D:4      | Noticed Edmund
  3597 | D:4      | Noticed an ogre
  3610 | D:3      | Killed Edmund
  3611 | D:3      | Reached skill level 3 in Fighting
  3611 | D:3      | Reached XP level 5. HP: 25/45 MP: 9/9
  3791 | D:4      | Killed an ogre
  3799 | D:4      | Noticed Sigmund
  3804 | D:4      | Reached XP level 6. HP: 46/51 MP: 9/11
  3810 | D:4      | Killed Sigmund
  3811 | D:4      | Reached skill level 4 in Fighting
  4066 | D:4      | Reached XP level 7. HP: 58/60 MP: 13/13
  4908 | D:5      | Entered Level 5 of the Dungeon
  4918 | D:5      | Learned a level 3 spell: Mephitic Cloud
  5248 | D:5      | Noticed Duvessa
  5647 | D:5      | Noticed Eustachio
  5663 | D:5      | Killed Duvessa
  5664 | D:5      | Reached skill level 1 in Air Magic
  5805 | D:5      | Killed Eustachio
  5806 | D:5      | Reached skill level 1 in Conjurations
  5806 | D:5      | Reached skill level 1 in Poison Magic
  6279 | D:5      | Reached XP level 8. HP: 67/67 MP: 16/16
  6771 | D:5      | Upgraded the game from 0.30-a0-23-ge60ba3568b to
                  | 0.30-a0-29-g142975f185
  6789 | D:6      | Reached skill level 5 in Fighting
  6823 | D:6      | Found a staircase to the Ecumenical Temple.
  6916 | D:6      | Reached skill level 1 in Long Blades
  7607 | D:6      | Gained mutation: You occasionally shout uncontrollably at
                  | your foes. [potion of mutation]
  7607 | D:6      | Gained mutation: Your mind is acute. (Int +4, Str/Dex -1)
                  | [potion of mutation]
  7607 | D:6      | Gained mutation: You are agile. (Dex +4, Str/Int -1)
                  | [potion of mutation]
  7608 | D:6      | Lost mutation: You occasionally shout uncontrollably at
                  | your foes. [potion of mutation]
  7608 | D:6      | Lost mutation: You are agile. (Dex +4, Str/Int -1) [potion
                  | of mutation]
  7608 | D:6      | Gained mutation: You possess an exceptional clarity of
                  | mind. [potion of mutation]
  7896 | D:7      | Noticed a two-headed ogre
  8256 | D:7      | Reached XP level 9. HP: 62/74 MP: 14/18
  8611 | D:6      | Learned a level 3 spell: Ozocubu's Armour
  9109 | D:7      | Reached skill level 1 in Ice Magic
  9358 | D:7      | Slain by a two-headed ogre

Illustrated notes

Levels and vault maps discovered:
D:1:      dpeg_arrival_water_fire, layout_basic, minmay_misc_feat_rows,
          minmay_pentomino_z4
D:2:      layout_basic, serial_bayou_pond_a, hangedman_decor_opposing,
          nicolae_eternal_life, minmay_hedge_maze, kennysheep_donut
D:3:      layout_basic, minmay_quadrilaterals
D:4:      layout_basic, nicolae_gozag_cash_rules_everything_around_me,
          uniq_sigmund, uniq_edmund
D:5:      layout_gridville, nemelex_dance_club_becter, grunt_qazlal_sundering,
          uniq_eustachio, uniq_duvessa
D:6:      layout_basic, nicolae_ru_path_of_blood,
          minmay_temple_entry_sparse_star, kennysheep_nondescript
D:7:      cheibrodos_fzero, layout_cave_pools, nicolae_sif_muna_condensation,
          minmay_joined_circles

Skill      XL: |  1  2  3  4  5  6  7  8  9 |
---------------+----------------------------+-----
Fighting       | 1 2 3 4 5 |  5.0
Armour         | 1 2 3 4 |  4.7
Dodging        | 2 3 4 |  4.9
Spellcasting   | 2 3 4 |  4.5
Air Magic      | 1 2 3 |  3.0
Conjurations   | 1 2 3 |  3.2
Poison Magic   | 1 2 |  2.0
Long Blades    | 3 |  3.9
Ice Magic      | 1 |  1.6
Throwing       | |  1.7
Stealth        | |  1.0
Transmutations | |  4.5

Action                   |  1- 3 |  4- 6 |  7- 9 || total
-------------------------+-------+-------+-------++-------
Melee: Dagger            |   152 |    81 |   451 ||   684
       Kick              |    24 |    15 |    11 ||    50
       Headbutt          |     9 |     7 |     4 ||    20
       Punch             |     3 |     2 |     4 ||     9
 Fire: Sling             |       |     1 |       ||     1
Throw: Boomerang         |       |     2 |     5 ||     7
 Cast: Beastly Appendage |    16 |    14 |     9 ||    39
       Mephitic Cloud    |       |       |    18 ||    18
Evoke: Wand              |       |     3 |     2 ||     5
  Use: Potion            |     1 |     2 |     9 ||    12
       Scroll            |     3 |     1 |     3 ||     7
 Stab: Sleeping          |     3 |     1 |       ||     4
       Distracted        |     1 |       |       ||     1
       Confused          |       |       |    11 ||    11
Armor: Robe              |    15 |       |       ||    15
       Skin              |     3 |       |       ||     3
       Ring mail         |    15 |    22 |       ||    37
       Leather armour    |       |    11 |   180 ||   191
Dodge: Dodged            |    81 |    51 |   239 ||   371

Table legend: (Time is in decaauts)
 A = Elapsed time spent in this place.
 B = Non-inter-level travel time spent in this place.
 C = Inter-level travel time spent in this place.
 D = Time resting spent in this place.
 E = Time spent auto-exploring this place.
 F = Levels seen in this place.
 G = Mean time per level.
                   A        B        C        D        E       F      G
               +--------+--------+--------+--------+--------+-----+--------+
         Total |   9366 |   8783 |    583 |   1771 |   5114 |   7 | 1338.0 |
       Dungeon |   9366 |   8783 |    583 |   1771 |   5114 |   7 | 1338.0 |
               +--------+--------+--------+--------+--------+-----+--------+

Top non-repeatable levels by time:
     D:6: 2102 daAuts
     D:4: 1450 daAuts
     D:5: 1429 daAuts
     D:1: 1392 daAuts
     D:3: 1343 daAuts
     D:2: 1176 daAuts
     D:7: 472 daAuts
